 Dungeon Crawl Stone Soup version 0.24.0-13-gcf9b3192b9 (webtiles) character file.

Game seed: 12277831424199077556, levelgen mode: deterministic

111 Lanoc the Chopper (level 4, -5/44 HPs)
             Began as a Troll Gladiator on Nov 11, 2019.
             Slain by an orc
             ... wielding a +0 flail
              (11 damage)
             ... on level 3 of the Dungeon.
             The game lasted 00:02:42 (684 turns).

Lanoc the Chopper (Troll Gladiator)                  Turns: 684, Time: 00:02:42

Health: -5/44      AC:  6    Str: 22    XL:     4   Next: 62%
Magic:  3/3        EV: 11    Int:  4    God:
Gold:   43         SH:  0    Dex: 12    Spells: 3/3 levels left

rFire    . . .     SeeInvis .   a - +0 war axe
rCold    . . .     Gourm    +   (no shield)
rNeg     . . .     Faith    .   b - +0 robe
rPois    .         Spirit   .   c - +0 hat
rElec    .         Reflect  .   (no cloak)
rCorr    .         Harm     .   (gloves unavailable)
MR       .....                  (boots unavailable)
Stlth    +.........             (no amulet)
HPRegen  0.54/turn              (no ring)
MPRegen  0.08/turn              (no ring)

@: no status effects
A: large, unfitting armour, claws 3, fast metabolism 3, gourmand, regeneration
1, shaggy fur 1, tough skin 3
a: no special abilities


You were on level 3 of the Dungeon.
You were not hungry.

You visited 1 branch of the dungeon, and saw 3 of its levels.

You collected 43 gold pieces.

Inventory:

Hand Weapons
 a - a +0 war axe (weapon)
Missiles
 d - 3 throwing nets (quivered)
Armour
 b - a +0 robe (worn)
 c - a +0 hat (worn)
Scrolls
 g - a scroll of remove curse
Comestibles
 f - 4 rations
 h - 4 chunks of flesh


   Skills:
 + Level 2.4 Fighting
 * Level 3.6 Axes
 - Level 1.7 Throwing
 + Level 3.0 Dodging


You had 3 spell levels left.
You didn't know any spells.
Your spell library was empty.

Dungeon Overview and Level Annotations

Branches:
Dungeon (3/15)

Altars:
Cheibriados
Wu Jian


Innate Abilities, Weirdness & Mutations

You are too large for most types of armour.
You have claws for hands.
Your metabolism is lightning-fast.
You like to eat raw meat.
Your natural rate of healing is unusually fast.
You are covered in fur. (AC +1)
You have extremely tough skin. (AC +3)


Message History

You hit the orc priest but do no damage.
The orc priest is moderately wounded.
You closely miss the orc. The orc hits you with a +0 club.
You slash the orc priest!
The orc priest is almost dead.
You hit the orc. x2
You kill the orc!
The orc priest closely misses you. The orc hits you with a +0 flail.
You barely miss the orc priest.
The orc priest is almost dead.
You closely miss the orc.
The orc priest invokes the aid of Beogh against you.
Beogh smites you!
* * * LOW HITPOINT WARNING * * *
The orc hits you but does no damage. The orc priest barely misses you.
You slash the orc priest!
You kill the orc priest!
Your Dodging skill increases to level 3!
You barely miss the orc. The orc hits you with a +0 flail!
You die...

...# .... ###..# .....
## #...# #.. #...# #.#
#.)o# #.## #.)@# ...
####...###### #.#######
.............###.......#
........................
.............#.#.#..##.#
#####...#####.###..#.#.#
#...# #.## #.###.. #...#
##> ##..#.### #...#
#.#.#......


You could see an orc.

Vanquished Creatures
  An orc priest (D:3)
  An orc wizard (D:2)
  3 adders
  A worm (D:2)
  A dart slug (D:2)
  5 orcs
  2 bats (D:2)
  A giant cockroach (D:2)
  2 goblins (D:2)
  A hobgoblin (D:3)
  A ball python (D:2)
  3 frilled lizards
  2 kobolds (D:2)
24 creatures vanquished.

Notes
Turn   | Place    | Note
-------+----------+-------------------------------------------
     0 | D:1      | Lanoc the Troll Gladiator began the quest for the Orb.
     0 | D:1      | Reached XP level 1. HP: 19/19 MP: 0/0
   114 | D:2      | Reached XP level 2. HP: 15/28 MP: 1/1
   119 | D:2      | Found a snail-covered altar of Cheibriados.
   169 | D:2      | Reached XP level 3. HP: 17/35 MP: 2/2
   327 | D:2      | Found an ornate altar of the Wu Jian Council.
   645 | D:3      | Reached XP level 4. HP: 31/42 MP: 3/3
   684 | D:3      | Slain by an orc

Levels and vault maps discovered:
D:1:      dpeg_arrival_another_circle, layout_basic
D:2:      layout_loops_cross, grunt_temple_overflow_opulence,
          lemuel_coloured_pillars_altar, kennysheep_slug_shrine,
          marbit_many_paths, first_ration
D:3:      lemuel_castle_with_subvaults [lemuel_castle_interior_carwin_2],
          layout_loops_cross, portal_sewer_entry_a

Skill      XL: |  1  2  3  4 |
---------------+-------------+-----
Fighting       | 2 |  2.4
Axes           | 3 |  3.6
Dodging        | 3 |  3.0
Throwing       | |  1.7

Action                   |  1- 3 |  4- 6 || total
-------------------------+-------+-------++-------
Melee: War axe           |    77 |    21 ||    98
Throw: Throwing net      |     3 |       ||     3
  Use: Potion            |     3 |       ||     3
       Scroll            |     1 |       ||     1
  Eat: Chunk             |     7 |       ||     7
Armor: Robe              |    43 |     9 ||    52
Dodge: Dodged            |    35 |    20 ||    55
